 Dungeon Crawl Stone Soup version 0.25.1-11-g244df3a29b (webtiles) character file.

Game seed: 7854437027448280398

41 DeepDeath the Vexing (level 3, 0/39 HPs)
             Began as a Hill Orc Enchanter on Jan 3, 2024.
             Slain by a worm (7 damage)
             ... on level 3 of the Dungeon.
             The game lasted 00:06:44 (2404 turns).

DeepDeath the Vexing (Hill Orc Enchanter)           Turns: 2404, Time: 00:06:44

Health: 0/39       AC: 21    Str: 11    XL:     3   Next: 52%
Magic:  4/5        EV:  2    Int: 15    God:
Gold:   64         SH:  0    Dex: 11    Spells: 4/5 levels left

rFire    . . .     SeeInvis .   a - +1 dagger
rCold    + . .     Gourm    .   (no shield)
rNeg     + + +     Faith    .   (armour currently unavailable)
rPois    +         Spirit   .   (helmet currently unavailable)
rElec    .         Reflect  .   (cloak currently unavailable)
rCorr    .         Harm     .   (gloves currently unavailable)
MR       .....     NoTele   +   (boots currently unavailable)
Stlth    ++........             f - amulet of the acrobat
HPRegen  0.13/turn              j - ring of protection from cold
MPRegen  0.09/turn              (no ring)

@: tree-form
A: no striking features
a: no special abilities


You were on level 3 of the Dungeon.
You were very hungry.
You were a tree.
You visited 1 branch of the dungeon, and saw 3 of its levels.

You collected 64 gold pieces.

Inventory:

Hand Weapons
 a - a +1 dagger (weapon)
Missiles
 i - 106 stones (quivered)
 l - 14 arrows
 m - 13 sling bullets
Armour
 b - a +0 robe (melded)
Jewellery
 f - an amulet of the acrobat (around neck)
 j - a ring of protection from cold (left branch)
Scrolls
 h - a scroll of fog
 k - a scroll of teleportation
Potions
 c - a potion of curing {unknown}
 e - a potion of brilliance {unknown}
 g - a potion of mutation {unknown}
Comestibles
 d - 4 rations


   Skills:
 * Level 2.4 Short Blades
 - Level 1.5 Dodging
 - Level 2.4 Stealth
 + Level 1.9 Spellcasting
 + Level 3.3 Hexes


You had 4 spell levels left.
You knew the following spells:

 Your Spells              Type           Power        Failure   Level  Hunger
c - Corona                Hex            ##.....      5%          1    ##.....

Your spell library contained the following spells:

 Spells                   Type           Power        Failure   Level  Hunger
 Ensorcelled Hibernation  Hex/Ice        #.....       17%         2    ###....
 Confusing Touch          Hex            ##......     17%         3    ####...
 Tukima's Dance           Hex            ##......     17%         3    ####...
 Dazzling Flash           Conj/Hex       #.....       32%         3    ####...


Dungeon Overview and Level Annotations

Branches:
Dungeon (3/15)

Altars:
Dithmenos
Kikubaaqudgha

Annotations:
D:2 Jessica, Sigmund


Message History

The worm stops glowing.
The worm bites you!
* * * LOW HITPOINT WARNING * * *
You are too injured to fight recklessly!
Unknown command.
It was a potion of lignification.
You turn into a tree.
Your +0 robe melds into your body.
Your roots penetrate the ground.
Unknown command.
Unknown command.
Casting: Corona (safe; 5% risk of failure)
Confirm with . or Enter, or press ? or * to list all spells.
Aiming: Corona (safe; 5% risk of failure)
Press: ? - help, Shift-Dir - straight line, f/p - worm
Aim: a worm (lightly wounded, chance to defeat MR: 55%)
The worm is outlined in light.
You hit the worm.
The worm is lightly wounded.
You hit the worm.
The worm is moderately wounded.
The worm bites you!
You die...

#.(..((.)..#
........####.#
.#....(.# #(#
##(((#.# #(#
.).....# #.#
.....##.# #.#
###.. #.# #.# #..
#.# #w# #♣#
#.###### #......#
####.>.#.######.#
+................
####...#.######..
##.##.# ####.#
#.#


You could see a worm (corona).

Vanquished Creatures
  2 dart slugs
  2 leopard geckos
  A giant cockroach (D:1)
  4 goblins
  5 hobgoblins
  6 jackals
  2 kobolds
  A quokka (D:2)
  A ball python (D:1)
  3 bats
  A leopard gecko skeleton (D:2)
  4 rats
32 creatures vanquished.

Notes
Turn   | Place    | Note
-------+----------+-------------------------------------------
     0 | D:1      | DeepDeath the Hill Orc Enchanter began the quest for the
                  | Orb.
     0 | D:1      | Reached XP level 1. HP: 14/14 MP: 3/3
   313 | D:1      | Reached XP level 2. HP: 20/20 MP: 4/4
  1500 | D:2      | Reached XP level 3. HP: 20/26 MP: 5/5
  1604 | D:2      | Noticed Jessica
  1782 | D:2      | Noticed Sigmund
  1898 | D:2      | Found a shadowy altar of Dithmenos.
  2222 | D:3      | Found an ancient bone altar of Kikubaaqudgha.
  2404 | D:3      | Slain by a worm

Illustrated notes

Levels and vault maps discovered:
D:1:      kilobyte_arrival_exit_the_forest, layout_loops_ring, serial_forest,
          infiniplex_forest_clump_diagonal, infiniplex_forest_clump_small,
          infiniplex_forest_clump_tiny, infiniplex_forest_side_room,
          infiniplex_forest_clump_medium, infiniplex_forest_end_1
D:2:      layout_loops_ring, nicolae_dithmenos_shadow_blocks, uniq_jessica,
          uniq_sigmund
D:3:      layout_loops_corners, lemuel_statue_altar, uniq_robin

Skill      XL: |  1  2 |
---------------+-------+-----
Short Blades   | 2 |  2.4
Dodging        | |  1.5
Stealth        | |  2.4
Spellcasting   | |  1.9
Hexes          | |  3.3

Action                   || total
-------------------------++-------
Melee: Dagger            ||   157
Throw: Stone             ||    20
 Cast: Corona            ||    28
  Use: Scroll            ||     5
       Potion            ||     1
 Stab: Sleeping          ||     4
  Eat: Chunk             ||     4
Armor: Robe              ||    16
Dodge: Dodged            ||    88
